badnik, neutral female scurrid Ranger ... .@| .<| badnik the Tenderfoot Experience level: 1 Strength: 15 Dexterity: 10 Constitution: 14 Intelligence: 14 Wisdom: 15 Charisma: 7 Health: 0(14) Energy: 2(2) Def: 3 Gold: 89 Moves: 130 Dungeon seed: vfAYHMnSbiyuh1LU Game ID: badnik_1498610860 Your Inventory: Coins $ - 89 gold pieces Weapons b - 31 uncursed +2 darts c - 17 uncursed +0 darts Armor e - an uncursed +2 cloak of displacement (being worn) Comestibles d - 4 uncursed chestnuts Scrolls g - an uncursed scroll of magic mapping Wands f - an uncursed wand of slow monster (0:3) Spells and supernatural/magical abilities: Name Level Category Fail Memory W - pray for help -- divine ? -- Your skills at the end: Miscellaneous Skills wands [Basic] Weapon Skills dart [Basic] Spellcasting Skills Final Attributes: You were devoutly aligned. You had automatic searching. You had infravision. You were displaced. You were very stealthy. You are dead. Vanquished creatures: 2 coyotes a grid bug 3 creatures vanquished. Voluntary challenges: You went without food. You did not adorn yourself with jewelry or accessories. You did not cause conflict. You were not invisible. You did not have reflection. You were an atheist. You never hit with a wielded weapon. You were a pacifist. You did not use tools. You did not use plumbed fixtures. You did not drink any magical draughts. You were illiterate. You never genocided any monsters. You never polymorphed an object. You never changed form. You used no wishes. You never split a pudding. You never wrote Elbereth's name. You never violated your personal moral code. Dungeon overview: The Dungeons of Doom: levels 1 to 21 Level 1 a long staircase Level 2 Level 3 Level 4 a fountain Level 5 Level 6 a fountain Level 7 Level 8 Level 9 Level 10 Level 11 Level 12 Level 13 Level 14 Level 15 Level 16 Level 17 Level 18 Level 19 Level 20 Level 21 <- You were here History has recorded: On T:1 you entered the Dungeons of Doom to retrieve the Amulet of Yendor! On T:12 you reached level 2 of The Dungeons of Doom. On T:16 you reached level 3 of The Dungeons of Doom. On T:22 you reached level 4 of The Dungeons of Doom. On T:28 you reached level 5 of The Dungeons of Doom. On T:43 you reached level 6 of The Dungeons of Doom. On T:47 you reached level 7 of The Dungeons of Doom. On T:52 you reached level 8 of The Dungeons of Doom. On T:57 you reached level 9 of The Dungeons of Doom. On T:61 you reached level 10 of The Dungeons of Doom. On T:72 you reached level 11 of The Dungeons of Doom. On T:74 you reached level 12 of The Dungeons of Doom. On T:79 you reached level 13 of The Dungeons of Doom. On T:82 you reached level 14 of The Dungeons of Doom. On T:88 you reached level 15 of The Dungeons of Doom. On T:100 you reached level 16 of The Dungeons of Doom. On T:106 you reached level 17 of The Dungeons of Doom. On T:112 you reached level 18 of The Dungeons of Doom. On T:112 you entered the Rogue tribute level. On T:119 you reached level 19 of The Dungeons of Doom. On T:125 you reached level 20 of The Dungeons of Doom. Score breakdown: Gold: 89 ( 8 points) Experience: 1 level ( 0 points) Exploration: 21 levels ( 600 points) Discoveries: 1 item ( 50 points) Variety of kills: 2 monsters ( 100 points) Major goal: (nothing yet) ( 0 points) Survival: died (score multiplied by 3) Total score: 2274 Latest messages: You start digging downward. You continue digging downward. You dig a pit in the floor. You continue digging downward. You dig a hole through the floor. You fall through... The adjacent object falls through the hole. You see here a long sword. That command is only available in debug mode. You have no ammunition readied! You don't have that object. Never mind. Never mind. You attack thin air. You bash the stairs. Ouch! That hurts! You die... Final status: Goodbye badnik the Ranger, killed by hitting the stairs... You died in The Dungeons of Doom on dungeon level 21 with 2274 points, and 89 pieces of gold, after 130 moves. You were level 1 with a maximum of 14 hit points when you died.